 Dungeon Crawl Stone Soup version 0.16-a0-2676-gfc1a37c (webtiles) character file.

72 Sixotanaka the Sneak (level 4, -2/29 HPs)
             Began as an Octopode Assassin on Nov 24, 2014.
             Was an Initiate of Dithmenos.
             Killed by divine providence
             ... invoked by an orc priest
              (12 damage)
             ... on level 3 of the Dungeon.
             The game lasted 00:03:57 (1829 turns).

Sixotanaka the Sneak (Octopode Assassin)            Turns: 1829, Time: 00:03:57

Health: -2/29      AC:  1    Str: 10    XL:     4   Next: 26%
Magic:  4/4        EV: 12    Int: 13    God:    Dithmenos [......]
Gold:   106        SH:  0    Dex: 14    Spells: 0 memorised, 3 levels left

rFire  . . .     SeeInvis .     b - +0 blowgun
rCold  . . .     Clarity  .     (no shield)
rNeg   . . .     SustAb   .     (helmet restricted)
rPois  .         Gourm    .     i - amulet of stasis
rElec  .         Spirit   .     (no ring)
rCorr  .         Warding  .     (no ring)
rMut   .         Stasis   +     (no ring)
MR     .....                    (no ring)
Stlth  ++++......               (no ring)
                                (no ring)
                                (no ring)
                                (no ring)

@: not resistant to hostile enchantments, stealthy
A: almost no armour, amphibious, 8 rings, constrict 8, camouflage 1, gelatinous
body 1
a: Renounce Religion


You were on level 3 of the Dungeon.
You worshipped Dithmenos.
Dithmenos was noncommittal.
You were hungry.

You visited 1 branch of the dungeon, and saw 3 of its levels.

You collected 106 gold pieces.


Innate Abilities, Weirdness & Mutations

You cannot wear most types of armour.
You are amphibious.
You can wear up to eight rings at the same time.
You can use your tentacles to constrict many enemies at once.
Your skin changes colour to match your surroundings (Stealth).
Your rubbery body absorbs attacks (AC +1).


   Skills:
 - Level 2.0 Fighting
 - Level 4.0 Short Blades
 - Level 2.0 Throwing
 - Level 1.0 Dodging
 + Level 5.9 Stealth


You had 3 spell levels left.
You didn't know any spells.

Dungeon Overview and Level Annotations

Branches:
Dungeon (3/15)

Altars:
Cheibriados
Dithmenos
Fedhas
Kikubaaqudgha
Nemelex Xobeh
Okawaru
Ru
Trog
The Shining One

Annotations:
D:3 Ijyb

Inventory:

Hand weapons
 a - a +2 dagger
 b - a +0 blowgun (weapon)
Missiles
 e - 5 poisoned needles (quivered)
 f - 2 curare-tipped needles
Jewellery
 i - an amulet of stasis (around mantle)
Scrolls
 c - a scroll of fear {unknown}
 d - a scroll of recharging {unknown}
 j - a scroll of remove curse {unknown}
 l - a scroll of identify {unknown}
 m - a scroll of fog {unknown}
 n - a scroll of blinking {unknown}
Comestibles
 g - a bread ration
 k - a meat ration

#############
##.<...#.....##
#.............##
#...............#
#...............#
#...............#
#...............#
#...........@...#
#...........a...#
##o.o..........##
oo...#....o##
#####.#..##
.....##oo##
.....###..#
####.....####(#
#..<.......#....#


You could see a worker ant, an orc priest, an orc wizard and an orc.


Message History

You hit the kobold.
You kill the kobold!
Dithmenos accepts your kill.
A bat comes into view.
You can't go down here!
Unknown command.
The bat barely misses you.
You hit the bat.
The bat is severely wounded.
The bat barely misses you. The bat hits you but does no damage.
You hit the bat.
You kill the bat!
Dithmenos accepts your kill.
Your Short Blades skill increases to level 4!
No target in view!
(D) Dungeon
Where to? (Enter - D:2 @ (x,y), ? - help)
A bat comes into view.
You see here a bat skeleton.
The bat hits you.
You barely miss the bat. You grab the bat. The bat barely misses you.
The bat hits you but does no damage.
You hit the bat.
You kill the bat!
Dithmenos accepts your kill.
No target in view!
No target in view!
(D) Dungeon
Where to? (Enter - D:2 @ (x,y), ? - help)
There is a stone staircase leading down here.
You climb downwards.
Level annotation: Ijyb An orc comes into view.
It is wielding a hand axe.
There is a stone staircase leading up here. 3 orcs come into view.
Found 24 sling bullets.
Found a scroll labeled ICOYREXIYRUKH.
You see here 24 sling bullets.
You see here a scroll labeled ICOYREXIYRUKH.
The orc wizard shouts!
The worker ant closely misses you. The orc closely misses you.
You barely miss the worker ant. The worker ant closely misses you.
b - a +0 blowgun (weapon)
The worker ant closely misses you.
Firing (i - inventory. (,) - cycle):
e - 8 poisoned needles (quivered)
Press: ? - help, Shift-Dir - straight line, f - orc
Aim: an orc You shoot a poisoned needle.
The poisoned needle barely misses the worker ant.
The poisoned needle barely misses the orc.
The worker ant closely misses you.
Firing (i - inventory. (,) - cycle):
e - 7 poisoned needles (quivered)
Press: ? - help, Shift-Dir - straight line, f - worker ant
Aim: a worker ant You shoot a poisoned needle.
The poisoned needle closely misses the worker ant.
The worker ant bites you.
* * * LOW HITPOINT WARNING * * *
Firing (i - inventory. (,) - cycle):
e - 6 poisoned needles (quivered)
Press: ? - help, Shift-Dir - straight line, f - orc priest, p - worker ant
Aim: an orc priest You shoot a poisoned needle.
The poisoned needle hits the worker ant!
The worker ant is poisoned.
The worker ant bites you.
* * * LOW HITPOINT WARNING * * *
The worker ant misses you.
You see here 24 sling bullets.
The orc priest mumbles some strange prayers to Beogh against you.
Something smites you!
You die...

Action                   |  1- 3 |  4- 6 || total
-------------------------+-------+-------++-------
Melee: Dagger            |    81 |    17 ||    98
 Fire: Blowgun           |       |     3 ||     3
 Stab: Sleeping          |    11 |     5 ||    16
  Eat: Chunk             |     1 |     1 ||     2

Vault maps used:
D:1:      onia_arrival_handbag, minmay_liquid_box
D:2:      grunt_temple_overflow_open, grunt_dithmenos_smoke
D:3:      uniq_natasha, uniq_terence, uniq_sigmund, uniq_iyjb, uniq_robin

Notes
Turn   | Place    | Note
--------------------------------------------------------------
     0 | D:1      | Sixotanaka, the Octopode Assassin, began the quest for the Orb.
     0 | D:1      | Reached XP level 1. HP: 14/14 MP: 1/1
   117 | D:1      | Reached XP level 2. HP: 19/19 MP: 2/2
   572 | D:1      | Reached skill level 3 in Short Blades
   626 | D:1      | Reached XP level 3. HP: 18/24 MP: 3/3
  1170 | D:2      | Found a shadowy altar of Dithmenos.
  1183 | D:2      | Became a worshipper of Dithmenos the Shadowed
  1314 | D:2      | Reached XP level 4. HP: 29/29 MP: 4/4
  1505 | D:2      | Found an iron altar of Okawaru.
  1507 | D:2      | Found a bloodstained altar of Trog.
  1507 | D:2      | Found a blossoming altar of Fedhas.
  1508 | D:2      | Found a sacrificial altar of Ru.
  1509 | D:2      | Found a glowing golden altar of the Shining One.
  1510 | D:2      | Found a snail-covered altar of Cheibriados.
  1510 | D:2      | Found an ancient bone altar of Kikubaaqudgha.
  1510 | D:2      | Found a sparkling altar of Nemelex Xobeh.
  1701 | D:3      | Noticed Ijyb
  1771 | D:2      | Reached skill level 4 in Short Blades
  1798 | D:3      | Fiveotanaka: I hate Robin, that new unique monster that they have here
  1829 | D:3      | Killed from afar by an orc priest

Vanquished Creatures
  An adder (D:2)
  A worm (D:2)
  3 giant geckos
  An ooze (D:1)
  9 bats
  A giant cockroach (D:1)
  5 hobgoblins
  A quokka (D:2)
  A ball python (D:1)
  2 giant newts (D:1)
  9 goblins
  3 jackals (D:2)
  7 kobolds
  10 rats
54 creatures vanquished.
